Cogmind - Beta 9.2 @@@ ROGUE MODE // 2019.11.17 @ 14:49:30 Player: mu Result: Destroyed by G-47 Trooper with Particle Gun Performance ------------- Evolutions (2) 1000 Regions Visited (3) 600 Robots Destroyed (50) 250 Value Destroyed (1603) 1603 Prototype IDs (4) 80 Alien Tech Used (0) 0 Bonus (114) 114 TOTAL SCORE: 3647 Bonus ------- High Alert Combat Kills 114 Cogmind --------- Core Integrity 0/550 Matter 300/300 Energy 280/280 System Corruption 0% Temperature Cool (195) Movement Core (550) Ox10 Location -8/Materials Parts ------- > --- POWER (1) -------- Cooled Ion Engine > --- PROPULSION (2) --- (None) > --- UTILITY (6) ------ Disposable Heat Sink Medium Storage Unit Advanced Visual Processing Unit Targeting Computer Improved ECM Suite Reactive Plating > --- WEAPON (2) ------- High-powered Shotgun > --- INVENTORY (8) ---- Light Nuclear Core Armored Huge Wheel Improved Sensor Array Advanced Signal Interpreter Light Armor Plating Arc Projector Peak State ------------ > --- POWER ------------ Light Nuclear Core > --- PROPULSION ------- Armored Huge Wheel > --- UTILITY ---------- Medium Storage Unit Advanced Visual Processing Unit Targeting Computer Improved ECM Suite Hardened Medium Armor Plating Hacking Suite > --- WEAPON ----------- Arc Projector Arc Projector > --- INVENTORY -------- Light Nuclear Core Armored Huge Wheel Disposable Heat Sink Improved Signal Interpreter Lightning Gun Arc Projector EM Pulse Cannon [Rating: 35] Favorites ----------- Power Cooled Ion Engine Engine Cooled Ion Engine Power Core Light Nuclear Core Propulsion Aluminum Leg Leg Aluminum Leg Wheel Armored Huge Wheel Utility Medium Storage Unit Device Disposable Heat Sink Storage Medium Storage Unit Processor Targeting Computer Hackware Hacking Suite Protection Improved Propulsion Shielding Weapon Lightning Gun Energy Gun Lightning Gun Ballistic Gun Minigun Build | -11 -10 -9 -8 ------- Run | Scr Mat Mat Mat Slots Evolved 4 | . . 2 2 Power . | . . . . Propulsion . | . . . . Utility 4 | . . 2 2 Weapon . | . . . . Parts Attached 61 | 6 3 14 38 Power 6 | 1 . 1 4 Engine 3 | 1 . 1 1 Core 3 | . . . 3 Reactor . | . . . . Propulsion 13 | 2 2 5 4 Treads . | . . . . Leg 8 | . 2 5 1 Wheel 5 | 2 . . 3 Hover . | . . . . Flight . | . . . . Utility 26 | 1 1 6 18 Device 9 | . 1 2 6 Storage 2 | 1 . 1 . Processor 5 | . . 1 4 Hackware 1 | . . . 1 Protection 9 | . . 2 7 Artifact . | . . . . Weapon 16 | 2 . 2 12 Energy Gun 7 | . . . 7 Energy Cannon . | . . . . Ballistic Gun 9 | 2 . 2 5 Ballistic Cannon . | . . . . Launcher . | . . . . Special Weapon . | . . . . Impact Weapon . | . . . . Slashing Weapon . | . . . . Piercing Weapon . | . . . . Special Melee Weapon . | . . . . Unidentified Prototypes 1 | . . 1 . Parts Lost 13 | . . 2 11 Power 1 | . . . 1 Propulsion 1 | . . . 1 Utility 5 | . . 2 3 Weapon 6 | . . . 6 Highest Loss Streak 3 | . . 1 3 Average Slot Usage (%) 89 | . 99 93 86 Engine 6 | . 14 11 3 Core 3 | . . . 6 Leg 8 | . 11 22 1 Wheel 6 | . 16 . 8 Device 13 | . 13 15 12 Storage 9 | . 14 11 9 Processor 12 | . . 2 18 Hackware 2 | . . . 3 Protection 8 | . . 8 8 Energy Gun 5 | . . . 7 Ballistic Gun 14 | . 28 21 8 Naked Turns . | . . . . Heaviest Build 36 | 11 12 31 36 Greatest Support 28 | 26 26 20 28 Greatest Overweight (x) 1 | . . 1 1 Average Overweight (x) . | . . . . Largest Inventory Capacity 10 | 6 6 10 8 Average Capacity 7 | 5 6 7 8 Most Carried 8 | 4 6 8 8 Average Carried 7 | 2 5 7 7 Final Capacity 8 | 6 6 8 8 Final Carried 8 | 4 6 8 7 Class Distribution -------------------- 89% | Mutant 10% | Scavenger-Mutant Dominant Class ---------------- Mutant | -10/Materials Mutant | -9/Materials Mutant | -8/Materials Resources | -11 -10 -9 -8 ----------- Run | Scr Mat Mat Mat Matter Collected 1475 | 260 44 432 739 Remotely . | . . . . Salvage Created 1895 | . 70 513 1312 Parts 108 | . 7 34 67 Haulers Intercepted 1 | . . . 1 Recyclers Shooed 3 | . . . 3 Parts Field Recycled . | . . . . Retrieved Matter . | . . . . Parts Self-Destructed . | . . . . Prevented . | . . . . Kills | -11 -10 -9 -8 ------- Run | Scr Mat Mat Mat Combat Hostiles Destroyed 38 | . 1 15 22 Guns 36 | . 1 15 20 AOE 1 | . . . 1 Classes Destroyed 10 | . 2 3 5 Worker 1 | . . 1 . Builder 1 | . . . 1 Hauler 1 | . . . 1 Recycler 2 | . . . 2 Operator 3 | . . . 3 Watcher 4 | . 1 1 2 Swarmer 10 | . . 6 4 Grunt 17 | . 1 7 9 Sentry 7 | . . 2 5 Hunter 4 | . . . 4 Best Kill Streak 5 | . 2 4 5 Combat Bots Only 4 | . 1 4 3 Max Kills in Single Turn 2 | . 1 2 2 Gunslinging . | . . . . Exploded 1 | . . . 1 Melee . | . . . . Uniques/NPCs Destroyed . | . . . . Combat | -11 -10 -9 -8 -------- Run | Scr Mat Mat Mat Damage Taken 3364 | . 43 765 2556 Core 716 | . 11 140 565 Absorbed by Shields . | . . . . Core Remaining (%) 86 | 100 95 65 . Volleys Fired 168 | . 7 56 105 Largest 2 | . 2 2 2 Hottest 110 | . 40 46 110 Shots Fired 306 | . 14 109 183 Gun 306 | . 14 109 183 Cannon . | . . . . Launcher . | . . . . Special . | . . . . Kinetic 222 | . 14 109 99 Thermal 8 | . . . 8 Explosive . | . . . . Electromagnetic 76 | . . . 76 Robot Hit Streak 12 | . 9 12 8 Robot Miss Streak 5 | . 1 5 5 Penetration Max 1 | . . . 1 Secondary Targets 2 | . . 1 1 Max Gunslinging Chain 1 | . . 1 1 Shots Hit Robots 201 | . 13 69 119 Core Hits 92 | . 4 31 57 Critical Hits 1 | . . . 1 Critical Kills . | . . . . Critical Parts Destroyed 1 | . . . 1 Melee Attacks . | . . . . Impact . | . . . . Slashing . | . . . . Piercing . | . . . . Sneak Attacks . | . . . . Combat Hostiles . | . . . . Follow-up Attacks . | . . . . Damage Inflicted 4086 | . 103 972 3011 Guns 3508 | . 103 972 2433 Cannons . | . . . . Explosions 578 | . . . 578 Melee . | . . . . Ramming . | . . . . Kinetic 2337 | . 103 972 1262 Thermal 588 | . . . 588 Explosive . | . . . . Electromagnetic 1161 | . . . 1161 Impact . | . . . . Slashing . | . . . . Piercing . | . . . . Highest Corruption . | . . . . Average Corruption . | . . . . Corruption Purged . | . . . . Overload Shots . | . . . . Overflow Damage 88 | . . . 88 Projectiles . | . . . . Explosions 88 | . . . 88 Melee . | . . . . Knockbacks . | . . . . Impact . | . . . . Kinetic . | . . . . Secondary . | . . . . Self-Inflicted Damage 169 | . . . 169 Shots 3 | . . . 3 Rammed 1 | . . . 1 Targets Rammed 1 | . . . 1 Kicked . | . . . . Crushed . | . . . . Highest Temperature 187 | . . 5 187 Average Temperature 41 | . . 4 42 Received Heat Transfer 1344 | . 24 321 999 Siege Activations . | . . . . Robots Corrupted 1 | . . . 1 Combat Hostiles 1 | . . . 1 Parts Fried 2 | . . . 2 Impact Corruptions . | . . . . Robots Melted . | . . . . Combat Hostiles . | . . . . Parts Melted . | . . . . Heat Transferred 572 | . . . 572 Parts Sabotaged . | . . . . Parts Stolen . | . . . . Parts Stripped . | . . . . Power Chain Reactions 1 | . . . 1 Missiles Intercepted . | . . . . Alert | -11 -10 -9 -8 ------- Run | Scr Mat Mat Mat Peak Influence 580 | . 67 331 580 Average Influence 263 | . 39 184 330 Maximum Alert Level 2 | . . 1 2 Low Security (%) 37 | 100 100 39 28 Level 1 39 | . . 60 35 Level 2 22 | . . . 36 Level 3 . | . . . . Level 4 . | . . . . Level 5 . | . . . . High Security . | . . . . Max Security . | . . . . Squads Dispatched 12 | . 2 4 6 Investigation 6 | . 2 2 2 Extermination . | . . . . Reinforcement 6 | . . 2 4 Assault . | . . . . Garrison . | . . . . Intercept . | . . . . Construction Impeded . | . . . . Haulers Reinforced . | . . . . Stealth | -11 -10 -9 -8 --------- Run | Scr Mat Mat Mat Distress Signals 5 | . 1 3 1 Communications Jammed . | . . . . Distress Signals . | . . . . Times Spotted 122 | . 7 28 87 Peak Tracking Total 8 | . 4 4 8 Tactical Retreats 26 | . . 3 23 Traps | -11 -10 -9 -8 ------- Run | Scr Mat Mat Mat Traps Triggered 1 | . . 1 . Indirectly . | . . . . Trap Hack Attempts . | . . . . Triggered . | . . . . Disarmed . | . . . . Reprogrammed . | . . . . Reused . | . . . . Traps Extracted . | . . . . Installed . | . . . . Triggered 1 | . . . 1 Machines | -11 -10 -9 -8 ---------- Run | Scr Mat Mat Mat Machines Disabled 5 | . . . 5 Max in Single Turn 3 | . . . 3 Machines Sabotaged 1 | . . 1 . Garrisons Compromised . | . . . . Overloaded Fab Kills . | . . . . Fab Network Shutdowns . | . . . . Hacking | -11 -10 -9 -8 --------- Run | Scr Mat Mat Mat Machines Accessed 15 | . 4 4 7 Terminals 13 | . 3 4 6 Fabricators . | . . . . Repair Stations 1 | . . . 1 Recycling Units 1 | . 1 . . Scanalyzers . | . . . . Garrison Access . | . . . . Total Hacks 49 | . 17 11 21 Successful 28 | . 9 7 12 Failed 21 | . 8 4 9 Catastrophic 4 | . . 1 3 Database Lockouts . | . . . . Manual 17 | . 6 3 8 Terminals 45 | . 15 11 19 Fabricators . | . . . . Repair Stations 2 | . . . 2 Recycling Units 2 | . 2 . . Scanalyzers . | . . . . Garrison Access . | . . . . Terminal Hacks 23 | . 7 6 10 Record 3 | . 1 . 2 Prototype ID Bank 2 | . 1 1 . Branch Access Points 1 | . . . 1 Emergency Access Points 4 | . 1 1 2 Alert Level 1 | . . 1 . Unreport Threat 1 | . 1 . . Locate Traps 5 | . . 2 3 Recall Investigation 2 | . 1 . 1 Zone Layout 4 | . 2 1 1 Fabricator Hacks . | . . . . Repair Station Hacks 2 | . . . 2 Scan Component 1 | . . . 1 Repair 1 | . . . 1 Recycling Unit Hacks 1 | . 1 . . Retrieve Components 1 | . 1 . . Scanalyzer . | . . . . Garrison Access Hacks . | . . . . Unauthorized Hacks 4 | . 2 2 . Terminals 1 | . . 1 . Sabotage 1 | . . 1 . Fabricators . | . . . . Repair Stations . | . . . . Recycling Units 1 | . 1 . . Tunnel 1 | . 1 . . Scanalyzers . | . . . . Garrison Access . | . . . . Data Cores Recovered . | . . . . Used . | . . . . Hacking Detections 15 | . 4 4 7 Full Trace Events 3 | . 1 1 1 Feedback Events . | . . . . Feedback Blocked . | . . . . Robot Schematics Acquired . | . . . . Robots Built . | . . . . Matter . | . . . . Time . | . . . . Total Robot Build Rating . | . . . . Part Schematics Acquired . | . . . . Parts Built . | . . . . Matter . | . . . . Time . | . . . . Total Part Build Rating . | . . . . Parts Repaired 1 | . . . 1 Time 38 | . . . 38 Parts Recycled . | . . . . Recycled Matter . | . . . . Retrieved Matter . | . . . . Retrieved Components 1 | . 1 . . Parts Scanalyzed . | . . . . Part Schematics Acquired . | . . . . Parts Damaged . | . . . . Bothacking | -11 -10 -9 -8 ------------ Run | Scr Mat Mat Mat Used RIF Installer . | . . . . Robots Hacked . | . . . . Non-combat . | . . . . Combat . | . . . . Robot Hacks Applied . | . . . . Relay Couplers Released . | . . . . Robots Rewired . | . . . . Allies Hacked . | . . . . Hacks Repelled . | . . . . Allies | -11 -10 -9 -8 -------- Run | Scr Mat Mat Mat Total Allies . | . . . . Largest Group . | . . . . Highest-Rated Group . | . . . . Highest-Rated Ally . | . . . . Total Orders . | . . . . Ally Attacks . | . . . . Total Damage . | . . . . Kills . | . . . . Allies Corrupted . | . . . . Allies Melted . | . . . . Intel | -11 -10 -9 -8 ------- Run | Scr Mat Mat Mat Robot Analysis Total . | . . . . Derelict Logs Recovered . | . . . . Drone Launches . | . . . . Drone Recoveries . | . . . . Exploration | -11 -10 -9 -8 ------------- Run | Scr Mat Mat Mat Turns Passed 2582 | 46 174 741 1621 Spaces Moved 1533 | 38 127 370 998 Core 3 | 3 . . . Treads . | . . . . Legs 484 | . 50 370 64 Wheels 1046 | 35 77 . 934 Hover . | . . . . Flight . | . . . . Fastest Speed 50 | 50 90 120 100 Average Speed 115 | 87 101 145 106 Slowest Speed 150 | 100 120 150 150 Overloaded Moves . | . . . . Propulsion Burnouts . | . . . . Robots Hopped . | . . . . Cave-ins Triggered . | . . . . Exploration Rate (%) 34 | 4 37 36 60 Regions Visited 3 Branch Regions . Pre-discovered Areas 1 | . 1 . . Known Exits Taken . | . . . . Unknown Exits Taken 3 | 1 1 1 . Scrap Searched . | . . . . Spaces Dug . | . . . . Terrain Destroyed 37 | . . . 37 Melee . | . . . . Projectile 1 | . . . 1 AOE 36 | . . . 36 Actions | -11 -10 -9 -8 --------- Run | Scr Mat Mat Mat Total 2060 | 47 161 468 1384 Wait 216 | . 15 16 185 Move 1530 | 37 126 369 998 Hop . | . . . . Pick Up 26 | 4 5 2 15 Fast Attach 41 | 6 3 8 24 Attach 9 | . . 1 8 Detach 7 | . . 2 5 Swap 11 | . . 5 6 Drop 46 | . 5 9 32 Fire 168 | . 7 56 105 Melee . | . . . . Ram 1 | . . . 1 Kick . | . . . . Crush . | . . . . Escape Stasis . | . . . . Rewire 5 | . . . 5 Trap . | . . . . Miscellaneous . | . . . . Route ------- -11/Scrapyard -10/Materials (discovered 2 exits: *Mat / [*Min]) -9/Materials (discovered 3 exits: *Mat x2 / [*Min]) -8/Materials (discovered 3 exits: [*Fac x2] / Sto) History --------- Turn | Location | Event 19 | -11/Scrapyard | Discovered new exit (range 15) 47 | -11/Scrapyard | Entered Materials 198 | -10/Materials | Discovered new exit (range 8) 198 | -10/Materials | Discovered new exit (range 11) 221 | -10/Materials | Entered another Materials area 221 | -9/Materials | Evolved 2 slots: Utility x2 290 | -9/Materials | Discovered new exit (range 13) 328 | -9/Materials | Build established: Mutant 380 | -9/Materials | Discovered new exit (range 15) 893 | -9/Materials | Discovered new exit (range 8) 962 | -9/Materials | Entered another Materials area 962 | -8/Materials | Evolved 2 slots: Utility x2 1701 | -8/Materials | Lost 3 parts (1p2w) 1811 | -8/Materials | Repaired Imp. Propulsion Shielding 1844 | -8/Materials | Identified exit to Storage 1922 | -8/Materials | Discovered new exit (range 7) 2082 | -8/Materials | Discovered new exit (range 19) 2236 | -8/Materials | Core integrity fell below 50% 2271 | -8/Materials | Lost 3 parts (1u2w) 2570 | -8/Materials | Core integrity fell below 20% 2583 | -8/Materials | Destroyed by G-47 Trooper with Particle Gun Last Messages --------------- that system was presumably wiped out during the [Solar War]. >>Traps(Locate) Found 2 traps in 1 array: 2x Explosive Trap Map updated. 02451_ ALERT: Suspicious activity at Terminal M001. Dispatching Investigation squad. 02453_ W-25 Informer sends out distress signal. 02466_ W-25 Informer destroyed. 02472_ Dropped EM Pulse Cannon. 02473_ Acquired Imp. Sensor Array. 02563_ Y-45 Defender destroyed. 02571_ Electrolaser destroyed. 02573_ G-47 Trooper suffers critical hit. 02573_ Destroyed Lgt. Nuclear Core. 02576_ G-47 Trooper destroyed. 02579_ Acquired 37 matter. 02580_ Arm. Huge Wheel destroyed. 02580_ Slammed into R-06 Scavenger. 02582_ Lightning Gun destroyed. Map ----- +----------------------------------------------------+ | | | | | ??????????????????????????????????????????????? | | ??????????????????????????????????????????????? | | ??????????????????????????????????????????????? | | ??????????????########????????????????????????? | | ??????????????# #????????????????????????? | | ??????????????# #????????????????????????? | | ??????????????# """ #????????????????????????? | | ???????????#### """ #??????????+?????????????? | | ???????????# # """ [#?????????# #????????????? | | ???????????# # #?????????# #?????????##?? | | ???????????+ ##+######### ##### #???###### ### | | ???????????# ^ #???# | | ???????????# ^% ######## #???# | | ???????????# ##+##### # # #???# | | ???????????# # ## # ! # #???# """ """ | | ???#+###+### # ## u=%[ # #???# """ """ | | ???# # + # !""" # ##### """ """ | | ???# / "" ## #* """ + + | | ???# "T" # """ ## # """ ####### | | ???# # """ ## r########????###+####### | | ???# # ## #???????????# #???? | | ???# ##/##### #???????????# #???? | | ???# % #???????????# #???? | | ???####+##### #####@#####????????# #???? | | ????????????# # g #????????# #???? | | ????????????+ # ! ggg* #??######## ##???? | | ????????????######=% gg #??# # #????? | | ?????????????????# """ !! #??# # #????? | | ?????????????????# """ !! #??# + #????? | | ?????????????????# """ ! !#??# # #????? | | ????????????????# #??# " # #????? | | ????????????????## #??# % # #????? | | ?????????????????###########??######## #????? | | ?????????????????????????????????????# #????? | | ?????????????????????????????????????# ###### | | ?????????????????????????????????????# | | ?????????????????????????????????????# | | ?????????????????????????????????????# | | ?????????????????????????????????????# ###### | | ?????????????????????????????????????# #??### | | ?????????????????????????????????????# #??# | | ?????????????????????????????????????# #??# | | ?????????????????????????????????????# #??# | | ?????????????????????????????????????# #??# " | | ?????????????????????????????????????# #??# " | | ?????????????????????????????????????# #??# " | | ?????????????????????????????????????# #??# | | ?????????????????????????????????????# #??# | +----------------------------------------------------+ Best States ------------- Heat Dissipation 45 Coolant Potential 50 Energy Generation 14 Energy Capacity 280 Matter Stores 300 Matter Capacity 300 Sight Range 20 Robot Scan Range 10 Terrain Scan Density 10 ECM Strength 2 Armor Coverage 225 Resistance: KI 20 Propulsion Shielding 66 Evasion (%) 42 Targeting Accuracy 5 Offensive Hacking 10 Item Schematics ----------------- None Robot Schematics ------------------ None Fabricated ------------ Nothing Alien Tech Used ----------------- None Achievements -------------- Storm Trooper Challenges ------------ None Game ------ Seed DataUltimateGravjet Manual? 0 Play Time 00:50:19 Cumulative 9.7 hours Start 2019.11.17 @ 13:50:15 End 2019.11.17 @ 14:49:30 Sessions 1 Manual Loads 0 Difficulty Rogue Special Mode None Game No. 5 Rogue 5 Adventurer 0 Explorer 0 Win Type - Total 0 Types 0/0/0/0/0/0/0 Lore% 21 Gallery% 19 Achievement% 15 Wizard Run 0 Options --------- ASCII 1 Keyboard 1 Movement Vi Keybinds 0 Fullscreen 1 Font 18/CogNarrow Map View 76x50 Tactical HUD 1 Map Filters NONE Filters NONE Steam 1 RUN: aa1aa43e-79e5-4d6e-9967-a518e011d966